 Dungeon Crawl Stone Soup version 0.30.0-19-g36f170ea60 (webtiles) character file.

Game seed: 16241182714377717597

64 cheesebisquit the Trooper (level 4, -4/49 HPs)
             Began as an Ogre Hedge Wizard on May 30, 2023.
             Slain by Sigmund
             ... wielding a +0 scythe
              (12 damage)
             ... on level 2 of the Dungeon.
             The game lasted 00:07:02 (2250 turns).

cheesebisquit the Trooper (Ogre Hedge Wizard)       Turns: 2250, Time: 00:07:02

Health: -4/49      AC:  3    Str: 16    XL:     4   Next: 12%
Magic:  4/9        EV:  9    Int: 15    God:
Gold:   39         SH:  0    Dex:  8    Spells: 9/10 levels left

rFire   . . .        n - +0 flail
rCold   . . .        (no shield)
rNeg    . . .        b - +0 robe
rPois   .            c - +0 hat
rElec   .            (no cloak)
rCorr   .            (gloves unavailable)
SInv    .            (boots unavailable)
Will    .....        (no amulet)
Stlth   +            (no ring)
HPRegen 0.28/turn    (no ring)
MPRegen 0.11/turn

%: no passive effects
@: no status effects
A: large, unfitting armour, tough skin 1
a: no special abilities


You were on level 2 of the Dungeon.
You visited 1 branch of the dungeon, and saw 2 of its levels.

You collected 39 gold pieces.

Inventory:

Hand Weapons
 a - a +0 dagger
 h - a +0 whip
 n - a +0 flail (weapon)
Missiles
 j - 4 poisoned darts
Armour
 b - a +0 robe (worn)
 c - a +0 hat (worn)
Scrolls
 e - a scroll of vulnerability {unknown}
 f - 2 scrolls of blinking {unknown}
 g - a scroll of amnesia {unknown}
 i - a scroll of magic mapping {unknown}
 k - a scroll of identify {unknown}
 l - a scroll of fog {unknown}
Potions
 m - a potion of degeneration {unknown}


   Skills:
 + Level 4.8 Fighting
 - Level 1.7 Dodging
 - Level 1.4 Stealth
 - Level 3.6 Spellcasting
 - Level 0.8 Conjurations
 - Level 0.8 Summonings
 - Level 0.8 Translocations


You had 9 spell levels left.
You knew the following spells:

 Your Spells              Type           Power      Damage    Failure   Level
a - Magic Dart            Conj           20%        1d4       13%         1

Your spell library contained the following spells:

 Spells                   Type           Power      Damage    Failure   Level
 Slow                     Hex            8%         N/A       19%         1
 Blink                    Tloc           10%        N/A       21%         2
 Call Imp                 Summ           10%        N/A       21%         2
 Cigotuvi's Dreadful Rot  Necr/Pois/Air  4%         N/A       28%         2
 Mephitic Cloud           Conj/Pois/Air  3%         N/A       45%         3


Dungeon Overview and Level Annotations

Branches:
Dungeon (2/15)

Altars:

Annotations:
D:2 Sigmund


Innate Abilities, Weirdness & Mutations

You are too large for most types of armour.
You have tough skin. (AC +1)


Message History

a +0 club; a gnoll corpse; a jackal corpse Sigmund the Dreaded comes into view.
He is wielding a +0 scythe and carrying a wand of light (11).
The magic dart hits Sigmund.
Sigmund is lightly wounded.
Sigmund shouts!
The magic dart hits Sigmund.
Sigmund is lightly wounded.
The magic dart hits Sigmund.
Sigmund is lightly wounded.
The magic dart hits Sigmund but does no damage.
Sigmund is lightly wounded.
Sigmund mumbles some strange words.
Sigmund flickers and vanishes!
Deactivating autopickup; reactivate with Ctrl-A.
You miss something. Something hits you!
Aiming: Magic Dart (safe; 13% risk of failure)
Press: ? - help, Q - select action, (/) - cycle Shift-Dir - straight line The magic dart hits something.
Something hits you.
Aiming: Magic Dart (safe; 13% risk of failure)
Press: ? - help, Q - select action, (/) - cycle Shift-Dir - straight line The magic dart hits something.
Aiming: Magic Dart (safe; 13% risk of failure)
Press: ? - help, Q - select action, (/) - cycle Shift-Dir - straight line The magic dart hits something but does no damage.
You hear some strange, mumbled words.
You are confused.
You're too confused to cast spells.
Something hits you but does no damage.
You bump into the rock wall.
Something hits you.
You're too confused to move!
You bump into the rock wall.
Something hits you.
You bump into the rock wall.
You feel less confused.
You hear a zap.
A bolt of light appears from out of thin air!
The bolt of light hits you!!
* * * LOW HITPOINT WARNING * * *
Something hits you!
You die...

#.#######
...@....#
#.# #{#
#@# #.#
#.# #.#
#.# #.#
#.########
#........#
#######)##


There were no monsters in sight!

Vanquished Creatures
  3 gnolls (D:2)
  A dart slug (D:1)
  2 ball pythons (D:1)
  2 bats
  4 endoplasms
  A giant cockroach (D:1)
  4 goblins
  4 jackals (D:2)
  2 kobolds
  A quokka (D:2)
  4 frilled lizards (D:1)
  4 rats
32 creatures vanquished.

Notes
Turn   | Place    | Note
-------+----------+-------------------------------------------
     0 | D:1      | cheesebisquit the Ogre Hedge Wizard began the quest for the
                  | Orb.
     0 | D:1      | Reached XP level 1. HP: 16/16 MP: 5/5
    65 | D:1      | Reached skill level 1 in Fighting
   310 | D:1      | Reached skill level 2 in Fighting
   310 | D:1      | Reached XP level 2. HP: 28/28 MP: 1/6
   780 | D:1      | Reached skill level 3 in Fighting
  1254 | D:2      | Reached XP level 3. HP: 25/37 MP: 8/8
  1864 | D:2      | Reached skill level 4 in Fighting
  2064 | D:2      | Reached XP level 4. HP: 6/49 MP: 7/9
  2232 | D:2      | Noticed Sigmund
  2250 | D:2      | Slain by Sigmund

Illustrated notes

Levels and vault maps discovered:
D:1:      scummos_arrival_simple_fountains, layout_loops_corners
D:2:      layout_basic, minmay_misc_feat_plants, uniq_sigmund

Skill      XL: |  1  2  3 |
---------------+----------+-----
Fighting       | 2 3 4 |  4.8
Dodging        | |  1.7
Stealth        | |  1.4
Spellcasting   | |  3.6
Conjurations   | |  0.8
Summonings     | |  0.8
Translocations | |  0.8

Action                     |  1- 3 |  4- 6 || total
---------------------------+-------+-------++-------
  Melee: Dagger            |   164 |       ||   164
         Flail             |     9 |     1 ||    10
         Whip              |     6 |       ||     6
         Punch             |     2 |       ||     2
   Cast: Magic Dart        |    49 |     7 ||    56
    Use: Potion            |     3 |       ||     3
 Armour: Robe              |    66 |     1 ||    67
  Dodge: Dodged            |   105 |       ||   105
